[ AOE2 MATCH · #504482246 ]
UnrankedSaracens vs Koreans
[ REPLAY ANALYSIS · EXTRACTED FROM THE RECORDED GAME ]
Feudal
14:12
Castle
18:43
Imperial
—
| APM avg | 50.9 |
| APM peak | 89 |
| eAPM avg | 24.2 |
| Villagers / military | 32 / 0 |
Focus
⚔️ 22.9% · 🌾 77.1%
Fishing Ship ×5
Feudal
13:53
Castle
17:23
Imperial
—
| APM avg | 38.0 |
| APM peak | 75 |
| eAPM avg | 18.3 |
| Villagers / military | 35 / 17 |
Focus
⚔️ 44.7% · 🌾 55.3%
Cavalry Archer ×17
Feudal
12:22
Castle
—
Imperial
—
| APM avg | 35.5 |
| APM peak | 63 |
| eAPM avg | 18.8 |
| Villagers / military | 38 / 0 |
Focus
⚔️ 38.8% · 🌾 61.2%
Fishing Ship ×5
Feudal
11:02
Castle
—
Imperial
—
| APM avg | 56.7 |
| APM peak | 102 |
| eAPM avg | 19.5 |
| Villagers / military | 50 / 23 |
Focus
⚔️ 34.5% · 🌾 65.5%
Scout Cavalry ×14 · Spearman ×9 · Fishing Ship ×3
Feudal
11:41
Castle
—
Imperial
—
| APM avg | 34.0 |
| APM peak | 51 |
| eAPM avg | 17.6 |
| Villagers / military | 44 / 17 |
Focus
⚔️ 31.6% · 🌾 68.4%
Scout Cavalry ×12 · Spearman ×5
Feudal
14:19
Castle
19:29
Imperial
—
| APM avg | 43.0 |
| APM peak | 95 |
| eAPM avg | 18.9 |
| Villagers / military | 49 / 5 |
Focus
⚔️ 26.8% · 🌾 73.2%
Kona ×3 · Spearman ×2
Feudal
13:19
Castle
20:20
Imperial
—
| APM avg | 30.8 |
| APM peak | 65 |
| eAPM avg | 20.4 |
| Villagers / military | 32 / 22 |
Focus
⚔️ 31.5% · 🌾 68.5%
Eagle Scout ×17 · Fishing Ship ×8 · Spearman ×4 · Demolition Raft ×1
Feudal
13:27
Castle
—
Imperial
—
| APM avg | 27.8 |
| APM peak | 71 |
| eAPM avg | 16.3 |
| Villagers / military | 43 / 11 |
Focus
⚔️ 37.9% · 🌾 62.1%
Scout Cavalry ×11
Match map
Initial resources + every placement click. Lines = walls · curves = elevation contours. ◆ gold · ⬟ stone · ● berries · ✦ relic · ◌ wall gap
Your base· Open — 13t gap
T's base· Open — unwalled flank
Molle's base· Open — unwalled flank
长江黄河不会倒流's base· Open — 13t gap
LM | Scogx's base· Open — unwalled flank
自有大儒为我辩经's base· Open — unwalled flank
LM | Samu's base· Open — unwalled flank
LM | MaggieWuerze's base· Open — unwalled flank
Smoothed initial terrain · ◌ = detected wall gap · hover for details
Inputs per minute
— Orion - - T
Build order — Orion
100 actions detected in the replay
| 0:26 | Build | Town Center |
| 2:40 | Build | House |
| 2:46 | Create | Villager (Male) |
| 3:08 | Create | Villager (Male) |
| 3:19 | Create | Villager (Male) |
| 3:48 | Build | Lumber Camp |
| 3:59 | Create | Villager (Male) |
| 4:13 | Create | Villager (Male) |
| 4:13 | Create | Villager (Male) |
| 4:13 | Create | Villager (Male) |
| 4:21 | Build | House |
| 5:11 | Build | House |
| 5:15 | Create | Villager (Male) |
| 5:39 | Create | Villager (Male) |
| 5:50 | Create | Villager (Male) |
| 6:10 | Build | House |
| 6:13 | Create | Villager (Male) |
| 6:44 | Create | Villager (Male) |
| 7:10 | Create | Villager (Male) |
| 7:12 | Build | Dock |
| 7:48 | Create | Fishing Ship |
| 7:52 | Create | Villager (Male) |
| 7:52 | Create | Villager (Male) |
| 8:07 | Build | House |
| 8:25 | Create | Fishing Ship |
| 8:31 | Create | Villager (Male) |
| 8:48 | Build | House |
| 8:51 | Create | Villager (Male) |
| 8:51 | Create | Villager (Male) |
| 8:59 | Build | House |
| 9:07 | Create | Fishing Ship |
| 9:16 | Build | House |
| 9:23 | Build | House |
| 9:29 | Build | House |
| 9:45 | Build | House |
| 9:45 | Create | Fishing Ship |
| 9:54 | Create | Villager (Male) |
| 9:58 | Build | House |
| 10:11 | Build | House |
| 10:19 | Create | Villager (Male) |
| 10:25 | Create | Fishing Ship |
| 10:34 | Create | Villager (Male) |
| 10:55 | Build | Mining Camp |
| 11:10 | Create | Villager (Male) |
| 11:11 | Create | Villager (Male) |
| 11:58 | Research | Feudal Age |
| 11:58 | Research | Feudal Age |
| 12:26 | Create | Villager (Male) |
| 13:21 | Research | Loom |
| 14:02 | Build | Mill |
| 14:12 | Age | Feudal Age |
| 14:14 | Build | Blacksmith |
| 14:27 | Build | Market |
| 14:35 | Build | Palisade Wall |
| 14:37 | Build | Palisade Wall |
| 14:46 | Build | Palisade Wall |
| 14:47 | Build | Palisade Wall |
| 14:49 | Build | Palisade Wall |
| 15:00 | Create | Villager (Male) |
| 15:09 | Build | Palisade Wall |
| 15:25 | Create | Villager (Male) |
| 15:28 | Build | Palisade Wall |
| 15:29 | Build | Palisade Wall |
| 15:30 | Build | Palisade Wall |
| 15:30 | Build | Palisade Wall |
| 15:49 | Create | Villager (Male) |
| 16:03 | Research | Castle Age |
| 16:09 | Build | Fish Trap |
| 16:18 | Research | Double-Bit Axe |
| 16:18 | Research | Double-Bit Axe |
| 16:19 | Research | Tech 906 |
| 16:19 | Research | Tech 906 |
| 16:24 | Build | Palisade Wall |
| 16:25 | Build | Palisade Wall |
| 16:26 | Build | Palisade Wall |
| 16:26 | Build | Palisade Wall |
| 16:31 | Build | Palisade Wall |
| 16:32 | Build | Palisade Wall |
| 16:33 | Build | Palisade Wall |
| 16:34 | Build | Palisade Wall |
| 16:35 | Build | Palisade Wall |
| 16:55 | Build | Fish Trap |
| 16:58 | Build | Fish Trap |
| 18:03 | Create | Villager (Male) |
| 18:03 | Create | Villager (Male) |
| 18:43 | Age | Castle Age |
| 18:49 | Research | Bow Saw |
| 19:02 | Build | Castle |
| 19:27 | Build | House |
| 19:30 | Create | Villager (Male) |
| 19:31 | Build | Palisade Wall |
| 19:34 | Build | Palisade Wall |
| 19:37 | Build | Palisade Wall |
| 19:42 | Build | Palisade Wall |
| 19:44 | Build | Palisade Wall |
| 19:45 | Build | Palisade Wall |
| 19:46 | Build | Palisade Wall |
| 19:48 | Build | Palisade Wall |
| 19:56 | Create | Villager (Male) |
| 20:26 | Create | Villager (Male) |
Build order — T
104 actions detected in the replay
| 0:34 | Build | Town Center |
| 2:33 | Build | House |
| 2:33 | Create | Villager (Male) ×4 |
| 3:59 | Create | Villager (Male) |
| 4:00 | Create | Villager (Male) |
| 4:23 | Build | House |
| 4:26 | Create | Villager (Male) |
| 4:36 | Create | Villager (Male) |
| 5:17 | Build | Palisade Wall |
| 5:21 | Create | Villager (Male) |
| 5:22 | Create | Villager (Male) |
| 5:26 | Build | Palisade Wall |
| 5:36 | Create | Villager (Male) |
| 5:47 | Build | Lumber Camp |
| 6:13 | Build | House |
| 6:29 | Create | Villager (Male) |
| 6:48 | Create | Villager (Male) |
| 6:59 | Create | Villager (Male) |
| 7:09 | Build | House |
| 7:37 | Create | Villager (Male) ×2 |
| 7:39 | Build | Palisade Wall |
| 7:44 | Create | Villager (Male) |
| 7:47 | Build | Palisade Wall |
| 7:52 | Build | Palisade Wall |
| 7:55 | Build | Palisade Wall |
| 8:04 | Build | Palisade Wall |
| 8:07 | Build | Palisade Wall |
| 8:11 | Create | Villager (Male) |
| 8:44 | Build | Palisade Wall |
| 8:47 | Build | Palisade Wall |
| 8:50 | Build | Palisade Wall |
| 8:53 | Build | Palisade Wall |
| 8:57 | Create | Villager (Male) |
| 8:57 | Create | Villager (Male) |
| 9:34 | Create | Villager (Male) |
| 10:15 | Create | Villager (Male) |
| 10:19 | Build | House |
| 10:45 | Build | Mill |
| 10:51 | Build | Mill |
| 10:55 | Create | Villager (Male) |
| 11:07 | Research | Loom |
| 11:41 | Research | Feudal Age |
| 12:14 | Build | Barracks |
| 12:16 | Build | House |
| 12:19 | Build | Palisade Wall |
| 12:20 | Build | Palisade Wall |
| 12:20 | Build | Palisade Wall |
| 12:34 | Create | Villager (Male) |
| 12:34 | Create | Villager (Male) |
| 13:19 | Build | Palisade Wall |
| 13:21 | Build | House |
| 13:53 | Age | Feudal Age |
| 13:56 | Create | Villager (Male) |
| 13:56 | Create | Villager (Male) |
| 13:57 | Build | Blacksmith |
| 14:01 | Build | Archery Range |
| 14:09 | Research | Double-Bit Axe |
| 14:09 | Research | Double-Bit Axe |
| 14:21 | Build | House |
| 14:22 | Build | Palisade Wall |
| 14:23 | Build | Palisade Wall |
| 14:42 | Research | Castle Age |
| 14:42 | Research | Castle Age |
| 14:58 | Research | Fletching |
| 15:16 | Build | Palisade Wall |
| 15:24 | Build | Palisade Wall |
| 15:52 | Build | Archery Range |
| 15:54 | Build | Palisade Wall |
| 16:27 | Build | Palisade Wall |
| 16:32 | Create | Villager (Male) |
| 16:32 | Create | Villager (Male) |
| 17:23 | Age | Castle Age |
| 17:25 | Create | Villager (Male) |
| 17:26 | Create | Cavalry Archer |
| 17:26 | Create | Cavalry Archer |
| 17:30 | Build | Town Center |
| 17:32 | Research | Bow Saw |
| 17:32 | Research | Bow Saw |
| 17:44 | Build | Monastery |
| 17:53 | Create | Villager (Male) |
| 18:03 | Research | Bodkin Arrow |
| 18:03 | Research | Padded Archer Armor |
| 18:05 | Create | Cavalry Archer |
| 18:05 | Create | Cavalry Archer |
| 18:21 | Create | Cavalry Archer |
| 18:21 | Create | Cavalry Archer |
| 18:32 | Create | Cavalry Archer |
| 18:51 | Create | Villager (Male) |
| 19:02 | Create | Cavalry Archer |
| 19:02 | Create | Cavalry Archer |
| 19:18 | Create | Cavalry Archer |
| 19:18 | Create | Cavalry Archer |
| 19:19 | Build | House |
| 19:21 | Build | House |
| 19:22 | Build | Palisade Wall |
| 19:33 | Create | Cavalry Archer |
| 19:33 | Create | Cavalry Archer |
| 19:43 | Create | Villager (Male) ×2 |
| 20:07 | Build | Lumber Camp |
| 20:16 | Create | Cavalry Archer |
| 20:20 | Create | Villager (Male) |
| 20:23 | Create | Cavalry Archer |
| 20:49 | Create | Cavalry Archer |
| 20:49 | Create | Cavalry Archer |
Build order — Molle
122 actions detected in the replay
| 0:07 | Build | Town Center |
| 2:35 | Build | House |
| 2:40 | Create | Villager (Male) |
| 2:41 | Create | Villager (Male) |
| 2:41 | Create | Villager (Male) |
| 2:41 | Create | Villager (Male) |
| 3:49 | Build | House |
| 4:04 | Create | Villager (Male) |
| 4:34 | Create | Villager (Male) |
| 4:46 | Build | Palisade Wall |
| 5:12 | Build | House |
| 5:12 | Create | Villager (Male) |
| 5:13 | Create | Villager (Male) |
| 5:13 | Create | Villager (Male) |
| 5:20 | Build | Lumber Camp |
| 5:41 | Create | Villager (Male) |
| 6:35 | Create | Villager (Male) |
| 6:45 | Create | Villager (Male) |
| 7:32 | Build | Palisade Wall |
| 7:39 | Build | Palisade Wall |
| 7:40 | Create | Villager (Male) |
| 7:40 | Create | Villager (Male) |
| 7:41 | Create | Villager (Male) |
| 7:46 | Build | Palisade Wall |
| 8:30 | Build | Mining Camp |
| 8:43 | Create | Villager (Male) |
| 8:49 | Build | Dock |
| 8:59 | Create | Villager (Male) |
| 9:44 | Research | Loom |
| 10:04 | Create | Fishing Ship |
| 10:05 | Research | Feudal Age |
| 10:12 | Build | House |
| 10:29 | Build | House |
| 10:54 | Build | Mill |
| 11:53 | Create | Fishing Ship |
| 11:54 | Create | Villager (Male) |
| 12:06 | Build | Palisade Wall |
| 12:21 | Create | Villager (Male) |
| 12:22 | Age | Feudal Age |
| 12:26 | Build | Watch Tower |
| 12:28 | Build | Palisade Wall |
| 12:35 | Create | Villager (Male) |
| 12:39 | Research | Town Watch |
| 12:40 | Create | Villager (Male) |
| 12:54 | Research | Double-Bit Axe |
| 12:55 | Create | Villager (Male) |
| 12:59 | Build | House |
| 13:19 | Build | Watch Tower |
| 13:20 | Build | Palisade Wall |
| 13:22 | Build | Palisade Wall |
| 13:24 | Create | Villager (Male) |
| 13:26 | Build | Blacksmith |
| 13:29 | Build | Palisade Wall |
| 13:30 | Build | Palisade Wall |
| 13:32 | Build | Palisade Wall |
| 13:33 | Build | Palisade Wall |
| 13:35 | Build | Palisade Wall |
| 13:36 | Build | Palisade Wall |
| 13:58 | Build | Palisade Wall |
| 14:01 | Build | Palisade Wall |
| 14:03 | Build | Palisade Wall |
| 14:17 | Create | Villager (Male) |
| 14:31 | Create | Villager (Male) |
| 14:33 | Create | Villager (Male) |
| 15:01 | Build | Watch Tower |
| 15:07 | Build | Palisade Wall |
| 15:19 | Build | Palisade Wall |
| 15:24 | Build | Palisade Wall |
| 15:25 | Build | Palisade Wall |
| 15:25 | Build | Palisade Wall |
| 15:27 | Create | Villager (Male) |
| 15:30 | Create | Fishing Ship |
| 15:31 | Create | Villager (Male) |
| 15:35 | Create | Villager (Male) |
| 15:38 | Build | Watch Tower |
| 15:41 | Build | Palisade Wall |
| 15:45 | Build | Palisade Wall |
| 15:46 | Build | Palisade Wall |
| 15:47 | Build | Palisade Wall |
| 15:47 | Build | Palisade Wall |
| 15:48 | Build | Palisade Wall |
| 15:49 | Create | Villager (Male) |
| 15:50 | Create | Fishing Ship |
| 15:51 | Build | House |
| 16:05 | Build | Palisade Wall |
| 16:16 | Create | Villager (Male) |
| 16:36 | Build | Palisade Wall |
| 16:38 | Build | Palisade Wall |
| 16:43 | Create | Villager (Male) |
| 16:48 | Build | Palisade Wall |
| 16:50 | Build | Palisade Wall |
| 16:52 | Build | Palisade Wall |
| 16:53 | Create | Villager (Male) |
| 16:53 | Create | Fishing Ship |
| 16:56 | Build | Fish Trap |
| 16:58 | Build | Fish Trap |
| 17:10 | Create | Villager (Male) |
| 17:14 | Research | Fletching |
| 17:14 | Create | Villager (Male) |
| 17:24 | Build | Watch Tower |
| 17:26 | Create | Villager (Male) |
| 17:41 | Build | Palisade Gate |
| 18:10 | Create | Villager (Male) |
| 18:12 | Build | Market |
| 18:16 | Build | House |
| 18:43 | Build | House |
| 18:48 | Build | Outpost |
| 18:49 | Build | Outpost |
| 18:50 | Build | Outpost |
| 19:04 | Build | Watch Tower |
| 19:21 | Build | Stone Wall |
| 19:23 | Build | Stone Wall |
| 19:24 | Create | Villager (Male) |
| 19:29 | Build | Gate |
| 20:05 | Build | Fish Trap |
| 20:07 | Build | Fish Trap |
| 20:09 | Build | Fish Trap |
| 20:14 | Build | Watch Tower |
| 20:18 | Build | Mill |
| 20:41 | Build | Palisade Gate |
| 20:54 | Build | Palisade Wall |
| 20:59 | Build | Palisade Wall |
Build order — 长江黄河不会倒流
110 actions detected in the replay
| 0:05 | Build | Town Center |
| 0:24 | Build | House |
| 2:37 | Create | Villager (Male) |
| 2:37 | Create | Villager (Male) |
| 2:37 | Create | Villager (Male) |
| 2:37 | Create | Villager (Male) |
| 3:51 | Create | Villager (Male) |
| 4:22 | Build | House |
| 4:24 | Build | Lumber Camp |
| 4:24 | Build | Lumber Camp |
| 4:29 | Create | Villager (Male) |
| 4:29 | Create | Villager (Male) |
| 4:31 | Create | Villager (Male) |
| 4:31 | Create | Villager (Male) |
| 5:15 | Create | Villager (Male) |
| 5:15 | Create | Villager (Male) |
| 5:15 | Create | Villager (Male) |
| 5:51 | Create | Villager (Male) |
| 5:51 | Create | Villager (Male) |
| 6:22 | Create | Villager (Male) |
| 6:22 | Create | Villager (Male) |
| 6:23 | Create | Villager (Male) |
| 6:23 | Create | Villager (Male) |
| 6:27 | Build | House |
| 6:34 | Build | House |
| 6:46 | Create | Villager (Male) |
| 6:46 | Create | Villager (Male) |
| 6:57 | Create | Villager (Male) |
| 6:58 | Create | Villager (Male) |
| 7:24 | Create | Villager (Male) |
| 7:25 | Create | Villager (Male) |
| 7:52 | Build | Mill |
| 7:54 | Create | Villager (Male) |
| 7:55 | Create | Villager (Male) |
| 7:56 | Research | Loom |
| 8:47 | Research | Feudal Age |
| 8:48 | Research | Feudal Age |
| 9:03 | Research | Loom |
| 9:40 | Build | House |
| 10:06 | Build | Barracks |
| 10:19 | Create | Villager (Male) |
| 10:19 | Create | Villager (Male) |
| 11:02 | Age | Feudal Age |
| 11:23 | Build | Stable |
| 11:26 | Create | Villager (Male) |
| 11:29 | Create | Villager (Male) |
| 11:57 | Build | House |
| 12:05 | Create | Scout Cavalry |
| 12:05 | Create | Scout Cavalry |
| 12:07 | Create | Villager (Male) |
| 12:38 | Create | Villager (Male) |
| 12:50 | Create | Scout Cavalry |
| 12:59 | Build | Blacksmith |
| 13:08 | Create | Scout Cavalry |
| 13:10 | Create | Villager (Male) |
| 13:10 | Create | Villager (Male) |
| 13:36 | Build | Lumber Camp |
| 13:48 | Create | Scout Cavalry |
| 13:53 | Create | Villager (Male) |
| 14:05 | Create | Spearman |
| 14:09 | Research | Forging |
| 14:21 | Create | Scout Cavalry |
| 14:22 | Create | Villager (Male) |
| 14:29 | Build | House |
| 14:38 | Create | Scout Cavalry |
| 14:50 | Create | Spearman |
| 14:52 | Create | Villager (Male) |
| 14:54 | Build | House |
| 14:57 | Build | House |
| 15:17 | Create | Scout Cavalry |
| 15:18 | Create | Villager (Male) |
| 15:18 | Create | Villager (Male) |
| 16:27 | Create | Scout Cavalry |
| 16:27 | Create | Scout Cavalry |
| 16:28 | Create | Villager (Male) |
| 16:28 | Create | Villager (Male) |
| 16:28 | Create | Villager (Male) |
| 16:30 | Research | Loom |
| 17:00 | Build | Mill |
| 17:02 | Create | Villager (Male) |
| 17:05 | Build | Dock |
| 17:08 | Build | House |
| 17:18 | Create | Scout Cavalry |
| 17:36 | Create | Villager (Male) |
| 17:36 | Create | Villager (Male) |
| 17:40 | Build | House |
| 17:41 | Build | House |
| 17:45 | Create | Fishing Ship |
| 17:46 | Create | Fishing Ship |
| 17:46 | Create | Fishing Ship |
| 17:48 | Build | House |
| 17:49 | Build | House |
| 18:11 | Create | Spearman |
| 18:12 | Create | Spearman |
| 18:13 | Create | Scout Cavalry |
| 18:29 | Create | Villager (Male) |
| 18:46 | Build | House |
| 18:59 | Research | Scale Barding Armor |
| 18:59 | Research | Scale Barding Armor |
| 19:19 | Create | Spearman |
| 19:20 | Create | Spearman |
| 19:46 | Create | Spearman |
| 19:47 | Create | Spearman |
| 19:48 | Create | Scout Cavalry |
| 19:48 | Create | Scout Cavalry |
| 19:58 | Create | Spearman |
| 20:08 | Create | Villager (Male) |
| 20:08 | Create | Villager (Male) |
| 20:09 | Create | Villager (Male) |
| 20:39 | Create | Villager (Male) |
Build order — LM | Scogx
125 actions detected in the replay
| 0:08 | Build | Town Center |
| 0:45 | Build | House |
| 0:48 | Build | Lumber Camp |
| 1:57 | Build | Palisade Wall |
| 2:33 | Build | House |
| 2:38 | Build | House |
| 2:44 | Create | Villager (Male) |
| 2:44 | Create | Villager (Male) |
| 2:44 | Create | Villager (Male) |
| 2:45 | Create | Villager (Male) |
| 2:48 | Create | Villager (Male) |
| 2:48 | Create | Villager (Male) |
| 2:48 | Create | Villager (Male) |
| 2:51 | Build | House |
| 2:54 | Build | House |
| 3:00 | Build | House |
| 4:05 | Create | Villager (Male) |
| 4:06 | Create | Villager (Male) |
| 4:55 | Build | House |
| 5:22 | Research | Loom |
| 5:26 | Build | House |
| 5:42 | Build | House |
| 5:49 | Create | Villager (Male) |
| 5:50 | Create | Villager (Male) |
| 6:16 | Build | Lumber Camp |
| 6:16 | Create | Villager (Male) |
| 6:17 | Create | Villager (Male) |
| 6:51 | Build | House |
| 7:09 | Create | Villager (Male) |
| 7:11 | Build | House |
| 7:47 | Build | House |
| 7:49 | Create | Villager (Male) |
| 8:03 | Create | Villager (Male) |
| 8:23 | Build | Mill |
| 8:33 | Create | Villager (Male) |
| 9:31 | Research | Feudal Age |
| 10:09 | Build | Barracks |
| 10:42 | Build | House |
| 10:52 | Create | Villager (Male) |
| 11:25 | Build | Palisade Wall |
| 11:27 | Build | Palisade Wall |
| 11:29 | Build | Palisade Wall |
| 11:41 | Age | Feudal Age |
| 11:44 | Build | Stable |
| 11:49 | Research | Double-Bit Axe |
| 11:50 | Create | Villager (Male) |
| 12:01 | Build | House |
| 12:20 | Research | Horse Collar |
| 12:21 | Create | Villager (Male) |
| 12:25 | Create | Scout Cavalry |
| 12:26 | Create | Scout Cavalry |
| 12:41 | Create | Villager (Male) |
| 12:46 | Build | House |
| 12:55 | Build | Palisade Wall |
| 12:56 | Build | Palisade Wall |
| 12:57 | Build | Palisade Wall |
| 13:00 | Build | Palisade Wall |
| 13:01 | Build | Palisade Wall |
| 13:02 | Build | Palisade Wall |
| 13:03 | Build | Palisade Wall |
| 13:05 | Create | Villager (Male) |
| 13:09 | Create | Scout Cavalry |
| 13:12 | Build | Palisade Wall |
| 13:29 | Create | Villager (Male) |
| 13:40 | Create | Villager (Male) |
| 13:48 | Create | Villager (Male) |
| 13:52 | Build | Farm |
| 13:54 | Build | Farm |
| 14:00 | Create | Villager (Male) |
| 14:15 | Create | Scout Cavalry |
| 14:23 | Create | Villager (Male) |
| 14:27 | Build | House |
| 14:31 | Build | Farm |
| 14:40 | Create | Villager (Male) |
| 14:56 | Create | Villager (Male) |
| 15:02 | Create | Villager (Male) |
| 15:07 | Create | Villager (Male) |
| 15:20 | Create | Scout Cavalry |
| 15:28 | Create | Spearman |
| 15:29 | Create | Villager (Male) |
| 15:31 | Build | Farm |
| 15:40 | Create | Villager (Male) |
| 15:50 | Create | Villager (Male) |
| 15:56 | Create | Spearman |
| 16:05 | Create | Villager (Male) |
| 16:09 | Create | Scout Cavalry |
| 16:19 | Create | Spearman |
| 16:25 | Build | Farm |
| 16:28 | Build | Farm |
| 16:29 | Create | Villager (Male) |
| 16:32 | Build | House |
| 16:38 | Build | Farm |
| 16:40 | Build | Farm |
| 16:43 | Create | Villager (Male) |
| 16:50 | Create | Spearman |
| 16:51 | Create | Scout Cavalry |
| 16:58 | Build | Farm |
| 17:12 | Create | Villager (Male) |
| 17:18 | Create | Scout Cavalry |
| 17:31 | Create | Scout Cavalry |
| 17:41 | Build | Blacksmith |
| 17:42 | Create | Villager (Male) |
| 17:48 | Build | Farm |
| 17:58 | Create | Villager (Male) |
| 18:07 | Build | Palisade Wall |
| 18:19 | Build | Mining Camp |
| 18:25 | Build | House |
| 18:27 | Research | Forging |
| 18:35 | Build | House |
| 19:08 | Create | Villager (Male) |
| 19:09 | Build | House |
| 19:16 | Create | Scout Cavalry |
| 19:46 | Create | Villager (Male) |
| 19:55 | Create | Scout Cavalry |
| 20:07 | Build | Farm |
| 20:08 | Build | Farm |
| 20:25 | Create | Scout Cavalry |
| 20:27 | Create | Villager (Male) |
| 20:31 | Build | Farm |
| 20:33 | Create | Spearman |
| 20:55 | Create | Villager (Male) |
| 20:58 | Build | House |
| 21:22 | Build | Farm |
| 21:23 | Research | Wheelbarrow |
| 21:27 | Build | Farm |
Build order — 自有大儒为我辩经
86 actions detected in the replay
| 0:12 | Build | Town Center |
| 1:36 | Build | House |
| 2:23 | Build | House |
| 2:32 | Create | Villager (Male) |
| 2:32 | Create | Villager (Male) |
| 2:32 | Create | Villager (Male) |
| 2:33 | Create | Villager (Male) |
| 2:33 | Create | Villager (Male) |
| 2:43 | Build | House |
| 3:54 | Create | Villager (Male) |
| 3:55 | Create | Villager (Male) |
| 4:20 | Create | Villager (Male) |
| 4:20 | Create | Villager (Male) |
| 4:37 | Build | Settlement |
| 4:55 | Create | Villager (Male) |
| 4:55 | Create | Villager (Male) |
| 5:11 | Create | Villager (Male) |
| 5:12 | Create | Villager (Male) |
| 5:54 | Create | Villager (Male) |
| 5:54 | Create | Villager (Male) |
| 5:54 | Create | Villager (Male) |
| 6:06 | Create | Villager (Male) |
| 6:06 | Create | Villager (Male) |
| 6:26 | Build | House |
| 6:40 | Create | Villager (Male) |
| 6:40 | Create | Villager (Male) |
| 6:40 | Create | Villager (Male) |
| 7:05 | Create | Villager (Male) |
| 7:05 | Create | Villager (Male) |
| 7:17 | Build | Settlement |
| 7:18 | Create | Villager (Male) |
| 7:18 | Create | Villager (Male) |
| 7:32 | Build | Settlement |
| 7:41 | Create | Villager (Male) |
| 7:41 | Create | Villager (Male) |
| 8:08 | Build | House |
| 8:15 | Create | Villager (Male) |
| 8:16 | Create | Villager (Male) |
| 8:30 | Create | Villager (Male) |
| 8:31 | Create | Villager (Male) |
| 8:47 | Create | Villager (Male) |
| 8:52 | Create | Villager (Male) |
| 8:52 | Create | Villager (Male) |
| 9:04 | Build | Palisade Wall |
| 9:08 | Create | Villager (Male) |
| 9:08 | Create | Villager (Male) |
| 9:19 | Create | Villager (Male) |
| 9:19 | Create | Villager (Male) |
| 9:24 | Build | Palisade Wall |
| 9:25 | Build | Palisade Wall |
| 9:28 | Build | Palisade Wall |
| 9:31 | Create | Villager (Male) |
| 10:18 | Create | Villager (Male) |
| 10:19 | Create | Villager (Male) |
| 10:35 | Create | Villager (Male) |
| 11:04 | Create | Villager (Male) |
| 11:24 | Create | Villager (Male) |
| 11:40 | Research | Loom |
| 11:40 | Research | Feudal Age |
| 12:33 | Build | Palisade Wall |
| 12:49 | Build | House |
| 12:58 | Build | Outpost |
| 13:09 | Build | Outpost |
| 14:12 | Create | Villager (Male) |
| 14:13 | Create | Villager (Male) |
| 14:19 | Age | Feudal Age |
| 14:25 | Build | Market |
| 14:43 | Build | Blacksmith |
| 15:08 | Create | Villager (Male) |
| 15:36 | Build | Settlement |
| 16:35 | Build | House |
| 16:41 | Build | Palisade Wall |
| 16:43 | Build | House |
| 16:45 | Build | House |
| 16:49 | Research | Castle Age |
| 16:49 | Research | Castle Age |
| 17:01 | Create | Spearman |
| 17:02 | Create | Spearman |
| 19:29 | Age | Castle Age |
| 19:40 | Build | Castle |
| 19:45 | Create | Villager (Male) |
| 19:45 | Create | Villager (Male) |
| 20:17 | Build | Settlement |
| 20:19 | Create | Kona |
| 20:19 | Create | Kona |
| 20:19 | Create | Kona |
Build order — LM | Samu
112 actions detected in the replay
| 0:46 | Build | Town Center |
| 1:08 | Build | House |
| 2:43 | Create | Villager (Male) |
| 2:44 | Create | Villager (Male) |
| 2:44 | Create | Villager (Male) |
| 2:44 | Create | Villager (Male) |
| 3:37 | Create | Villager (Male) |
| 4:07 | Create | Villager (Male) |
| 4:26 | Build | House |
| 4:46 | Create | Villager (Male) |
| 4:58 | Build | Lumber Camp |
| 5:04 | Create | Villager (Male) |
| 5:04 | Create | Villager (Male) |
| 5:29 | Create | Villager (Male) |
| 5:31 | Create | Villager (Male) |
| 5:50 | Create | Villager (Male) |
| 6:19 | Create | Villager (Male) |
| 7:07 | Build | House |
| 7:20 | Research | Loom |
| 7:36 | Create | Villager (Male) |
| 7:50 | Create | Villager (Male) |
| 8:52 | Create | Villager (Male) |
| 9:15 | Build | House |
| 9:21 | Create | Villager (Male) |
| 9:45 | Create | Villager (Male) |
| 10:12 | Create | Villager (Male) |
| 10:31 | Build | Dock |
| 10:40 | Build | Mill |
| 10:44 | Create | Villager (Male) |
| 11:03 | Research | Feudal Age |
| 11:03 | Research | Feudal Age |
| 11:04 | Create | Fishing Ship |
| 11:05 | Create | Fishing Ship |
| 11:28 | Create | Fishing Ship |
| 11:53 | Build | Barracks |
| 12:14 | Build | House |
| 12:19 | Create | Villager (Male) |
| 12:45 | Create | Fishing Ship |
| 13:13 | Create | Fishing Ship |
| 13:19 | Age | Feudal Age |
| 13:20 | Create | Spearman |
| 13:20 | Create | Spearman |
| 13:24 | Research | Double-Bit Axe |
| 13:32 | Build | Fish Trap |
| 13:43 | Create | Villager (Male) |
| 13:43 | Create | Villager (Male) |
| 13:47 | Build | House |
| 13:52 | Build | House |
| 13:58 | Build | House |
| 14:04 | Build | House |
| 14:07 | Build | House |
| 14:09 | Build | Palisade Wall |
| 14:13 | Build | House |
| 14:24 | Create | Villager (Male) |
| 14:28 | Create | Demolition Raft |
| 14:31 | Create | Fishing Ship |
| 14:36 | Create | Spearman |
| 14:39 | Create | Villager (Male) |
| 15:00 | Build | Fish Trap |
| 15:12 | Create | Villager (Male) |
| 15:36 | Create | Villager (Male) |
| 15:40 | Build | Dock |
| 15:48 | Create | Villager (Male) |
| 15:50 | Create | Spearman |
| 16:03 | Build | Fish Trap |
| 16:05 | Create | Villager (Male) |
| 16:30 | Build | Market |
| 17:07 | Build | Blacksmith |
| 17:15 | Create | Villager (Male) |
| 17:37 | Research | Castle Age |
| 17:37 | Research | Castle Age |
| 17:57 | Build | Barracks |
| 18:01 | Research | Scale Mail Armor |
| 18:03 | Create | Eagle Scout |
| 18:03 | Create | Eagle Scout |
| 18:21 | Build | Fish Trap |
| 18:45 | Build | Lumber Camp |
| 19:00 | Create | Eagle Scout |
| 19:00 | Create | Eagle Scout |
| 19:07 | Build | House |
| 19:11 | Build | Palisade Wall |
| 19:18 | Create | Eagle Scout |
| 19:18 | Create | Eagle Scout |
| 19:25 | Create | Eagle Scout |
| 19:25 | Create | Eagle Scout |
| 19:36 | Create | Eagle Scout |
| 19:37 | Create | Eagle Scout |
| 19:46 | Create | Eagle Scout |
| 19:46 | Create | Eagle Scout |
| 19:56 | Create | Villager (Male) |
| 20:11 | Create | Eagle Scout |
| 20:12 | Create | Eagle Scout |
| 20:17 | Build | Watch Tower |
| 20:20 | Age | Castle Age |
| 20:24 | Create | Villager (Male) |
| 20:29 | Build | Farm |
| 20:30 | Build | Farm |
| 20:30 | Build | Farm |
| 20:30 | Build | Farm |
| 20:30 | Build | Farm |
| 20:31 | Build | Farm |
| 20:35 | Build | Stone Wall |
| 20:40 | Build | Stone Wall |
| 20:43 | Create | Eagle Scout |
| 20:43 | Create | Eagle Scout |
| 20:43 | Create | Eagle Scout |
| 21:11 | Build | Fish Trap |
| 21:12 | Build | Fish Trap |
| 21:15 | Create | Fishing Ship |
| 21:16 | Create | Fishing Ship |
| 21:26 | Build | Stone Wall |
| 21:35 | Build | Mining Camp |
Build order — LM | MaggieWuerze
101 actions detected in the replay
| 0:46 | Build | Town Center |
| 2:31 | Build | House |
| 2:38 | Build | House |
| 2:47 | Create | Villager (Male) ×4 |
| 2:47 | Create | Villager (Male) ×4 |
| 4:31 | Create | Villager (Male) |
| 4:31 | Create | Villager (Male) |
| 4:31 | Create | Villager (Male) |
| 5:19 | Create | Villager (Male) |
| 5:20 | Create | Villager (Male) |
| 5:20 | Create | Villager (Male) |
| 5:42 | Create | Villager (Male) |
| 6:14 | Build | Lumber Camp |
| 6:34 | Create | Villager (Male) |
| 7:00 | Create | Villager (Male) |
| 7:11 | Build | House |
| 7:30 | Create | Villager (Male) |
| 7:37 | Create | Villager (Male) |
| 8:07 | Build | Mill |
| 8:14 | Create | Villager (Male) |
| 8:16 | Create | Villager (Male) |
| 8:16 | Create | Villager (Male) |
| 8:16 | Create | Villager (Male) |
| 8:16 | Create | Villager (Male) |
| 9:09 | Create | Villager (Male) |
| 9:28 | Build | Mill |
| 9:37 | Create | Villager (Male) |
| 9:44 | Build | Farm |
| 9:45 | Build | Farm |
| 10:02 | Build | Farm |
| 10:09 | Create | Villager (Male) |
| 10:23 | Build | Farm |
| 10:52 | Build | Mining Camp |
| 11:01 | Research | Loom |
| 11:17 | Research | Feudal Age |
| 11:17 | Research | Feudal Age |
| 11:57 | Build | Barracks |
| 12:11 | Create | Villager (Male) |
| 12:16 | Build | House |
| 13:27 | Age | Feudal Age |
| 13:32 | Build | Stable |
| 13:35 | Research | Horse Collar |
| 13:36 | Research | Double-Bit Axe |
| 13:48 | Build | Lumber Camp |
| 13:53 | Create | Villager (Male) |
| 13:58 | Build | Farm |
| 14:02 | Create | Scout Cavalry |
| 14:17 | Create | Villager (Male) |
| 14:20 | Build | Farm |
| 14:36 | Create | Villager (Male) |
| 14:37 | Create | Scout Cavalry |
| 14:40 | Build | Farm |
| 14:58 | Build | Farm |
| 15:02 | Create | Scout Cavalry |
| 15:05 | Create | Villager (Male) |
| 15:16 | Create | Villager (Male) |
| 15:36 | Build | Mill |
| 15:40 | Build | Farm |
| 15:40 | Create | Scout Cavalry |
| 15:57 | Build | Farm |
| 15:59 | Build | Farm |
| 16:03 | Build | Farm |
| 16:04 | Create | Villager (Male) |
| 16:05 | Create | Scout Cavalry |
| 16:50 | Research | Bloodlines |
| 16:50 | Create | Villager (Male) |
| 17:14 | Create | Villager (Male) |
| 17:17 | Research | Loom |
| 17:19 | Build | Farm |
| 17:21 | Build | Farm |
| 17:22 | Build | Farm |
| 17:25 | Build | Farm |
| 17:27 | Build | Farm |
| 17:32 | Build | Blacksmith |
| 17:39 | Create | Villager (Male) |
| 17:46 | Build | Farm |
| 17:53 | Create | Scout Cavalry |
| 18:13 | Create | Villager (Male) |
| 18:18 | Build | Stable |
| 18:22 | Research | Forging |
| 18:23 | Create | Scout Cavalry |
| 18:23 | Create | Villager (Male) |
| 18:31 | Build | House |
| 18:34 | Build | Farm |
| 18:48 | Build | Farm |
| 18:48 | Build | Farm |
| 18:50 | Create | Villager (Male) |
| 19:21 | Create | Scout Cavalry |
| 19:21 | Create | Scout Cavalry |
| 19:33 | Create | Scout Cavalry |
| 19:33 | Create | Scout Cavalry |
| 19:57 | Create | Villager (Male) |
| 20:17 | Build | Farm |
| 20:18 | Build | Farm |
| 20:34 | Build | Watch Tower |
| 20:37 | Build | Watch Tower |
| 20:40 | Build | Watch Tower |
| 21:04 | Build | Farm |
| 21:05 | Build | Farm |
| 21:32 | Create | Villager (Male) |
| 21:35 | Create | Villager (Male) |
Match timeline
| 1:57 | LM | Scogx · wall_segment Palisade Wall x1 |
| 4:46 | Molle · wall_segment Palisade Wall x2 |
| 5:17 | T · wall_segment Palisade Wall x1 |
| 5:26 | T · wall_segment Palisade Wall x1 |
| 7:12 | Orion · first_building Dock |
| 7:32 | Molle · wall_segment Palisade Wall x1 |
| 7:39 | Molle · wall_segment Palisade Wall x1 |
| 7:39 | T · wall_segment Palisade Wall x1 |
| 7:46 | Molle · wall_segment Palisade Wall x1 |
| 7:47 | T · wall_segment Palisade Wall x1 |
| 7:52 | T · wall_segment Palisade Wall x1 |
| 7:55 | T · wall_segment Palisade Wall x1 |
| 8:04 | T · wall_segment Palisade Wall x1 |
| 8:07 | T · wall_segment Palisade Wall x1 |
| 8:44 | T · wall_segment Palisade Wall x1 |
| 8:47 | T · wall_segment Palisade Wall x1 |
| 8:49 | Molle · first_building Dock |
| 8:50 | T · wall_segment Palisade Wall x1 |
| 8:53 | T · wall_segment Palisade Wall x1 |
| 9:04 | 自有大儒为我辩经 · wall_segment Palisade Wall x10 |
| 9:24 | 自有大儒为我辩经 · wall_segment Palisade Wall x1 |
| 9:25 | 自有大儒为我辩经 · wall_segment Palisade Wall x1 |
| 9:28 | 自有大儒为我辩经 · wall_segment Palisade Wall x1 |
| 10:06 | 长江黄河不会倒流 · first_building Barracks |
| 10:09 | LM | Scogx · first_building Barracks |
| 10:31 | LM | Samu · first_building Dock |
| 11:02 | 长江黄河不会倒流 · age_up feudal |
| 11:23 | 长江黄河不会倒流 · first_building Stable |
| 11:25 | LM | Scogx · wall_segment Palisade Wall x1 |
| 11:27 | LM | Scogx · wall_segment Palisade Wall x1 |
| 11:29 | LM | Scogx · wall_segment Palisade Wall x1 |
| 11:41 | LM | Scogx · age_up feudal |
| 11:44 | LM | Scogx · first_building Stable |
| 11:53 | LM | Samu · first_building Barracks |
| 11:57 | LM | MaggieWuerze · first_building Barracks |
| 12:06 | Molle · wall_segment Palisade Wall x1 |
| 12:14 | T · first_building Barracks |
| 12:19 | T · wall_segment Palisade Wall x1 |
| 12:20 | T · wall_segment Palisade Wall x1 |
| 12:20 | T · wall_segment Palisade Wall x1 |
| 12:22 | Molle · age_up feudal |
| 12:28 | Molle · wall_segment Palisade Wall x2 |
| 12:33 | 自有大儒为我辩经 · wall_segment Palisade Wall x1 |
| 12:55 | LM | Scogx · wall_segment Palisade Wall x1 |
| 12:56 | LM | Scogx · wall_segment Palisade Wall x1 |
| 12:57 | LM | Scogx · wall_segment Palisade Wall x1 |
| 13:00 | LM | Scogx · wall_segment Palisade Wall x1 |
| 13:01 | LM | Scogx · wall_segment Palisade Wall x1 |
| 13:02 | LM | Scogx · wall_segment Palisade Wall x1 |
| 13:03 | LM | Scogx · wall_segment Palisade Wall x1 |
| 13:12 | LM | Scogx · wall_segment Palisade Wall x10 |
| 13:19 | T · wall_segment Palisade Wall x1 |
| 13:19 | LM | Samu · age_up feudal |
| 13:20 | Molle · wall_segment Palisade Wall x1 |
| 13:22 | Molle · wall_segment Palisade Wall x1 |
| 13:27 | LM | MaggieWuerze · age_up feudal |
| 13:29 | Molle · wall_segment Palisade Wall x1 |
| 13:30 | Molle · wall_segment Palisade Wall x1 |
| 13:32 | Molle · wall_segment Palisade Wall x1 |
| 13:32 | LM | MaggieWuerze · first_building Stable |
| 13:33 | Molle · wall_segment Palisade Wall x1 |
| 13:35 | Molle · wall_segment Palisade Wall x1 |
| 13:36 | Molle · wall_segment Palisade Wall x1 |
| 13:53 | T · age_up feudal |
| 13:58 | Molle · wall_segment Palisade Wall x1 |
| 14:01 | Molle · wall_segment Palisade Wall x1 |
| 14:01 | T · first_building Archery Range |
| 14:03 | Molle · wall_segment Palisade Wall x1 |
| 14:09 | LM | Samu · wall_segment Palisade Wall x1 |
| 14:12 | Orion · age_up feudal |
| 14:19 | 自有大儒为我辩经 · age_up feudal |
| 14:22 | T · wall_segment Palisade Wall x1 |
| 14:23 | T · wall_segment Palisade Wall x1 |
| 14:35 | Orion · wall_segment Palisade Wall x1 |
| 14:37 | Orion · wall_segment Palisade Wall x1 |
| 14:46 | Orion · wall_segment Palisade Wall x2 |
| 14:47 | Orion · wall_segment Palisade Wall x3 |
| 14:49 | Orion · wall_segment Palisade Wall x1 |
| 15:07 | Molle · wall_segment Palisade Wall x2 |
| 15:09 | Orion · wall_segment Palisade Wall x1 |
| 15:16 | T · wall_segment Palisade Wall x1 |
| 15:19 | Molle · wall_segment Palisade Wall x1 |
| 15:24 | Molle · wall_segment Palisade Wall x1 |
| 15:24 | T · wall_segment Palisade Wall x4 |
| 15:25 | Molle · wall_segment Palisade Wall x1 |
| 15:25 | Molle · wall_segment Palisade Wall x1 |
| 15:28 | Orion · wall_segment Palisade Wall x1 |
| 15:29 | Orion · wall_segment Palisade Wall x1 |
| 15:30 | Orion · wall_segment Palisade Wall x1 |
| 15:30 | Orion · wall_segment Palisade Wall x1 |
| 15:41 | Molle · wall_segment Palisade Wall x1 |
| 15:44 | 自有大儒为我辩经 · first_market_sell 100 wood |
| 15:45 | Molle · wall_segment Palisade Wall x1 |
| 15:46 | 自有大儒为我辩经 · first_market_buy 100 food |
| 15:46 | Molle · wall_segment Palisade Wall x1 |
| 15:47 | Molle · wall_segment Palisade Wall x1 |
| 15:47 | Molle · wall_segment Palisade Wall x1 |
| 15:48 | Molle · wall_segment Palisade Wall x1 |
| 15:54 | T · wall_segment Palisade Wall x3 |
| 15:58 | Orion · first_market_sell 100 wood |
| 15:59 | Orion · first_market_buy 100 food |
| 16:05 | Molle · wall_segment Palisade Wall x1 |
| 16:24 | Orion · wall_segment Palisade Wall x1 |
| 16:25 | Orion · wall_segment Palisade Wall x1 |
| 16:26 | Orion · wall_segment Palisade Wall x1 |
| 16:26 | Orion · wall_segment Palisade Wall x1 |
| 16:27 | T · wall_segment Palisade Wall x2 |
| 16:31 | Orion · wall_segment Palisade Wall x1 |
| 16:32 | Orion · wall_segment Palisade Wall x1 |
| 16:33 | Orion · wall_segment Palisade Wall x1 |
| 16:34 | Orion · wall_segment Palisade Wall x1 |
| 16:35 | Orion · wall_segment Palisade Wall x1 |
| 16:36 | Molle · wall_segment Palisade Wall x1 |
| 16:38 | Molle · wall_segment Palisade Wall x1 |
| 16:41 | 自有大儒为我辩经 · wall_segment Palisade Wall x1 |
| 16:48 | Molle · wall_segment Palisade Wall x1 |
| 16:50 | Molle · wall_segment Palisade Wall x1 |
| 16:52 | Molle · wall_segment Palisade Wall x1 |
| 17:05 | 长江黄河不会倒流 · first_building Dock |
| 17:23 | T · age_up castle |
| 17:35 | LM | Samu · first_market_buy 100 food |
| 17:44 | T · first_building Monastery |
| 18:07 | LM | Scogx · wall_segment Palisade Wall x3 |
| 18:43 | Orion · age_up castle |
| 19:02 | Orion · first_building Castle |
| 19:11 | LM | Samu · wall_segment Palisade Wall x1 |
| 19:21 | Molle · wall_segment Stone Wall x12 |
| 19:22 | T · wall_segment Palisade Wall x1 |
| 19:23 | Molle · wall_segment Stone Wall x1 |
| 19:29 | 自有大儒为我辩经 · age_up castle |
| 19:31 | Orion · wall_segment Palisade Wall x1 |
| 19:34 | Orion · wall_segment Palisade Wall x1 |
| 19:37 | Orion · wall_segment Palisade Wall x1 |
| 19:40 | 自有大儒为我辩经 · first_building Castle |
| 19:42 | Orion · wall_segment Palisade Wall x1 |
| 19:44 | Orion · wall_segment Palisade Wall x1 |
| 19:45 | Orion · wall_segment Palisade Wall x1 |
| 19:46 | Orion · wall_segment Palisade Wall x1 |
| 19:48 | Orion · wall_segment Palisade Wall x1 |
| 20:20 | LM | Samu · age_up castle |
| 20:35 | LM | Samu · wall_segment Stone Wall x3 |
| 20:40 | LM | Samu · wall_segment Stone Wall x4 |
| 20:43 | Orion · resign |
| 20:54 | Molle · wall_segment Palisade Wall x1 |
| 20:59 | Molle · wall_segment Palisade Wall x1 |
| 21:26 | LM | Samu · wall_segment Stone Wall x6 |
[ AI ANALYSIS · 1 CREDIT ]
What really happened in this match?
Wolo.gg analyzes every decision: build order, eco, micro, common mistakes by bracket. Personalized analysis on WhatsApp or Discord in 30 seconds.
Civ guide
Saracens
Perfil
Jugador #3012618